 Dungeon Crawl Stone Soup version 0.28.0 (webtiles) character file.

Game seed: 1023519214544271348

37 Hasart the Insei (level 3, -2/23 HPs)
             Began as an Octopode Transmuter on Feb 13, 2022.
             Slain by an orc (5 damage)
             ... on level 1 of the Dungeon.
             The game lasted 00:01:49 (1350 turns).

Hasart the Insei (Octopode Transmuter)              Turns: 1350, Time: 00:01:50

Health: -2/23      AC:  1    Str:  9    XL:     3   Next: 39%
Magic:  3/6        EV: 13    Int: 17    God:
Gold:   0          SH:  0    Dex: 12    Spells: 3/6 levels left

rFire   . . .      SeeInvis .     - Unarmed
rCold   . . .      Faith    .   (no shield)
rNeg    . . .      Spirit   .   (helmet currently unavailable)
rPois   .          Reflect  .   (no amulet)
rElec   .          Harm     .   (no ring)
rCorr   .          Rampage  .   (no ring)
Will    .....                   (no ring)
Stlth   ++........              (no ring)
HPRegen 0.07/turn               (no ring)
MPRegen 0.10/turn               (no ring)
                                (no ring)
                                (no ring)

@: appendages (expiring), wereblooded
A: tentacle spike 3, almost no armour, amphibious, 8 rings, camouflage 1,
gelatinous body 1, (nimble swimmer 1), tentacles
a: End Transformation


You were on level 1 of the Dungeon.
One of your tentacles had grown a beastly spike.
You visited 1 branch of the dungeon, and saw 2 of its levels.

Inventory:

Scrolls
 a - 2 scrolls of amnesia {unknown}
 b - 2 scrolls of immolation
 e - a scroll of vulnerability {unknown}
 f - a scroll of noise {unknown}
Potions
 c - a potion of curing {unknown}
 d - a potion of brilliance {unknown}


   Skills:
 + Level 1.5 Fighting
 + Level 2.3 Dodging
 * Level 3.4 Unarmed Combat
 + Level 2.2 Spellcasting
 + Level 2.3 Transmutations


You had 3 spell levels left.
You knew the following spells:

 Your Spells              Type           Power      Damage    Failure   Level
a - Beastly Appendage     Tmut           20%        N/A       7%          1
b - Wereblood             Tmut           10%        N/A       11%         2

Your spell library contained the following spells:

 Spells                   Type           Power      Damage    Failure   Level
 Spider Form              Tmut/Pois      5%         N/A       34%         3
 Ice Form                 Ice/Tmut       5%         N/A       75%         4


Dungeon Overview and Level Annotations

Branches:
Dungeon (2/15)

Altars:
Nemelex Xobeh


Innate Abilities, Weirdness & Mutations

One of your tentacles has grown a beastly spike.
You cannot wear most types of armour.
You are amphibious.
You can wear up to eight rings at the same time.
Your skin changes colour to match your surroundings (Stealth+).
Your rubbery body absorbs attacks. (AC +1, EV +1)
((You are camouflaged when in or above water. (Stealth+)))
You have tentacles for arms and can constrict up to eight enemies at once.


Message History

Casting: Beastly Appendage (safe; 8% risk of failure)
Confirm with . or Enter, or press ? or * to list all spells.
One of your tentacles grows a vicious spike.
Casting: Beastly Appendage (safe; 8% risk of failure)
Confirm with . or Enter, or press ? or * to list all spells.
Your blood is infused with primal strength.
You climb downwards.
The orc barely misses you. The orc hits you with a +0 hand axe.
The orc barely misses you. x2
There is a stone staircase leading up here.
Unknown command.
The orc wizard mumbles some strange words.
The orc wizard flickers and vanishes!
Deactivating autopickup; reactivate with Ctrl-A.
The orc barely misses you. The orc hits you with a +0 hand axe.
You climb upwards.
Reactivating autopickup.
Your transformation is almost over.
Your magical contamination has completely faded away.
There is a stone staircase leading down here.
You closely miss the orc. Your grab misses the orc.
Your tentacle spike misses the orc.
The orc misses you. The orc hits you with a +0 hand axe.
You barely miss the orc. Your grab misses the orc.
The orc hits you with a +0 war axe!
* * * LOW HITPOINT WARNING * * *
The orc barely misses you.
You tentacle-slap the orc. You grab the orc.
The orc is severely wounded.
You constrict the orc. The orc closely misses you.
You tentacle-slap the orc.
You feel a bit better.
You kill the orc!
The orc hits you with a +0 hand axe.
* * * LOW HITPOINT WARNING * * *
Unknown command.
You tentacle-slap the orc but do no damage.
You grab the orc. You squeeze the orc, but do no damage.
You howl as the wereblood boils in your veins!
You constrict the orc, but do no damage.
The orc hits you with a +0 hand axe.
You die...

# #.....#####.......#
###########.....'...........#
.........##.....########'####
.....###.###..#........#.####
.......#.# #..#.#....#.#....#
######.#.###....#.#....####.#
# #.#...#.####.#....##...## #
#(###.#...o)............# #
#.###.....#@....#.##.##.# #
#.......'##########'....# #
#######.#...# #...#..###
#.#.#.####.#.##.####
#.#..........#.....#
#.###.####.###.....#
###########.# #.# #.# #†....#
#...........# #.# #.# #######
#...........###.####.#####


You could see an orc.

Vanquished Creatures
  A dart slug (D:2)
  3 orcs
  2 endoplasms (D:1)
  3 hobgoblins
  4 jackals (D:1)
  3 quokkas (D:1)
  2 ball pythons (D:1)
  3 bats
  4 goblins
  A kobold (D:1)
  3 rats
29 creatures vanquished.

Notes
Turn   | Place    | Note
-------+----------+-------------------------------------------
     0 | D:1      | Hasart the Octopode Transmuter began the quest for the Orb.
     0 | D:1      | Reached XP level 1. HP: 13/13 MP: 3/3
   419 | D:1      | Reached XP level 2. HP: 18/18 MP: 5/5
   422 | D:1      | Learned a level 2 spell: Wereblood
   610 | D:1      | Found a faded altar of an unknown god.
  1039 | D:1      | Reached XP level 3. HP: 23/23 MP: 6/6
  1103 | D:2      | Found a sparkling altar of Nemelex Xobeh.
  1350 | D:1      | Slain by an orc

Illustrated notes

Levels and vault maps discovered:
D:1:      lemuel_arrival_broad_hall, layout_basic,
          hellmonk_ecumenical_altar_blasted, roderic_st_hans_cross
D:2:      cheibrodos_pilgrimage, layout_rooms, basic_altar, serial_corexii_hall,
          corexii_hall_statues_x, corexii_hall_statues_x,
          kennysheep_generic_room_11

Action                   || total
-------------------------++-------
Melee: Unarmed           ||    63
       Constrict         ||    20
       Tentacles         ||    11
       Kick              ||     6
       Punch             ||     2
 Cast: Beastly Appendage ||     3
       Wereblood         ||     2
 Stab: Sleeping          ||     9
Armor: Skin              ||     7
Dodge: Dodged            ||    41
